TOP OF THE 1ST |
Ogallala Octopi batting - Pitching for Quebec City Baby Blues : RHP Shawn Walker
|
Pitching: RHP Shawn Walker
|
|
Batting: RHB José Uranday
|
0-0: Ball 1-0: Ground out 5-3 (Groundball, 56, EV 83.1 MPH)
|
Batting: RHB Zi-xing Juan
|
0-0: Called Strike 0-1: Ground out 6-3 (Groundball, 6, EV 91.2 MPH)
|
Batting: LHB Wayne Jackson
|
0-0: Foul Ball, location: 2F 0-1: Foul Ball, location: 2F 0-2: Hit by Pitch
|
Batting: LHB Manuel Ortíz
|
0-0: Foul Ball, location: 2F 0-1: Ball 1-1: Foul Ball, location: 2F 1-2: SINGLE (Groundball, 4MD, EV 100.6 MPH) Wayne Jackson to second Runner from 2nd tries for 3rd, SAFE, no throw by CF
|
Batting: LHB Ju-ho Hwang
|
0-0: Called Strike 0-1: Ball 1-1: Ball 2-1: Called Strike 2-2: Strikes out swinging
|
Top of the 1st over - 0 runs, 1 hit, 0 errors, 2 left on base; Ogallala 0 - Quebec City 0 |
BOTTOM OF THE 1ST |
Quebec City Baby Blues batting - Pitching for Ogallala Octopi : RHP Dionísio Zagallo
|
Pitching: RHP Dionísio Zagallo
|
|
Batting: LHB Hernando Martínez
|
0-0: Called Strike 0-1: Called Strike 0-2: Ball 1-2: Foul Ball, location: 2F 1-2: SINGLE (Groundball, 6D, EV 106.2 MPH)
|
Batting: RHB Mibre Chipley
|
0-0: Called Strike 0-1: Ball 1-1: Ball 2-1: Ground out 6-3 (Groundball, 6S, EV 75.6 MPH) Hernando Martínez to second
|
Batting: LHB Sasha Mamchenko
|
0-0: Fly out, F9 (Flyball, 89XD, EV 97.5 MPH) Runner from 2nd tags up, SAFE at 3rd, no throw by RF
|
Batting: RHB Darren Overton
|
0-0: Called Strike 0-1: Ball 1-1: Foul Ball, location: 2F 1-2: Strikes out swinging
|
Bottom of the 1st over - 0 runs, 1 hit, 0 errors, 1 left on base; Ogallala 0 - Quebec City 0 |
TOP OF THE 2ND |
Ogallala Octopi batting - Pitching for Quebec City Baby Blues : RHP Shawn Walker
|
Batting: RHB Jorge Gavilanes
|
0-0: Foul Ball, location: 2F 0-1: Ball 1-1: Fly out, F8 (Flyball, 8LM, EV 88.8 MPH)
|
Batting: LHB Shane Burge
|
0-0: Called Strike 0-1: Swinging Strike 0-2: Ball 1-2: Foul Ball, location: 2F 1-2: Ball 2-2: Fly out, F8 (Flyball, 8LS, EV 76.9 MPH)
|
Batting: RHB Efraín Martínez
|
0-0: Swinging Strike 0-1: Swinging Strike 0-2: Ball 1-2: Ball 2-2: Foul Ball, location: 2F 2-2: Fly out, F3 (Flyball, 3D, EV 82.5 MPH)
|
Top of the 2nd over - 0 runs, 0 hits, 0 errors, 0 left on base; Ogallala 0 - Quebec City 0 |
BOTTOM OF THE 2ND |
Quebec City Baby Blues batting - Pitching for Ogallala Octopi : RHP Dionísio Zagallo
|
Batting: RHB Iván Vega
|
0-0: Ball 1-0: Ball 2-0: Foul Ball, location: 2F 2-1: Ball 3-1: Foul Ball, location: 2F 3-2: Base on Balls
|
Batting: RHB John Harris
|
0-0: Swinging Strike 0-1: Ball 1-1: TRIPLE (Groundball, 5L, EV 105.0 MPH) Iván Vega scores
|
Batting: RHB Tim Barrett
|
0-0: Ball 1-0: Foul Ball, location: 2F 1-1: Reached on error, E6 (Groundball, 6, EV 100.6 MPH) John Harris scores
|
Batting: RHB Dong-hua Gan
|
0-0: Ball 1-0: Called Strike 1-1: Ball 2-1: SINGLE (Groundball, 6M, EV 103.1 MPH) Tim Barrett to third Runner from 3rd tries for Home, SAFE, throw by CF to home
|
Batting: RHB Ernesto González
|
0-0: SINGLE (Line Drive, 9S, EV 103.1 MPH) Dong-hua Gan to second
|
Batting: LHB Hernando Martínez
|
0-0: Ball 1-0: Ball 2-0: Called Strike 2-1: Fielders Choice at 2nd, 4-6 (Groundball, 4M, EV 88.1 MPH) Dong-hua Gan to third
|
Batting: RHB Mibre Chipley
|
0-0: Ball 1-0: Ball 2-0: Called Strike 2-1: Foul Ball, location: 2F 2-2: Ball 3-2: Base on Balls Hernando Martínez to second
|
Batting: LHB Sasha Mamchenko
|
0-0: Ball 1-0: Ball 2-0: Ground out 4-3 (Groundball, 4D, EV 109.4 MPH) Dong-hua Gan scores Hernando Martínez to third Mibre Chipley to second
|
Batting: RHB Darren Overton
|
0-0: Ground out 3-1 (Groundball, 34S, EV 76.2 MPH)
|
Bottom of the 2nd over - 4 runs, 3 hits, 1 error, 2 left on base; Ogallala 0 - Quebec City 4 |
TOP OF THE 3RD |
Ogallala Octopi batting - Pitching for Quebec City Baby Blues : RHP Shawn Walker
|
Batting: LHB Gustavo Ibáñez
|
0-0: Called Strike 0-1: Called Strike 0-2: Ball 1-2: Ball 2-2: Ball 3-2: Foul Ball, location: 2F 3-2: Foul Ball, location: 2F 3-2: Strikes out looking
|
Batting: RHB José Uranday
|
0-0: Ball 1-0: Swinging Strike 1-1: Foul Ball, location: 2F 1-2: Strikes out swinging
|
Batting: RHB Zi-xing Juan
|
0-0: Swinging Strike 0-1: SINGLE (Line Drive, 89S, EV 90.6 MPH)
|
Batting: LHB Wayne Jackson
|
0-0: Called Strike 0-1: Ball 1-1: Ball 2-1: Swinging Strike 2-2: Foul Ball, location: 2F 2-2: DOUBLE (Groundball, 5L, EV 101.9 MPH) Zi-xing Juan to third Runner from 3rd tries for Home, SAFE, throw by LF to home
|
Batting: LHB Manuel Ortíz
|
0-0: Called Strike 0-1: Foul Ball, location: 2F 0-2: Ball 1-2: Fly out, F8 (Flyball, 8RM, EV 92.5 MPH)
|
Top of the 3rd over - 1 run, 2 hits, 0 errors, 1 left on base; Ogallala 1 - Quebec City 4 |
BOTTOM OF THE 3RD |
Quebec City Baby Blues batting - Pitching for Ogallala Octopi : RHP Dionísio Zagallo
|
Batting: RHB Iván Vega
|
0-0: Called Strike 0-1: Foul Ball, location: 2F 0-2: Ground out 5-3 (Groundball, 5, EV 85.0 MPH)
|
Batting: RHB John Harris
|
0-0: Ball 1-0: Ball 2-0: Called Strike 2-1: Ball 3-1: Swinging Strike 3-2: Fly out, F7 (Flyball, 78XD, EV 95.6 MPH)
|
Batting: RHB Tim Barrett
|
0-0: Ball 1-0: Fly out, F2 (Popup, 2L, EV 91.9 MPH)
|
Bottom of the 3rd over - 0 runs, 0 hits, 0 errors, 0 left on base; Ogallala 1 - Quebec City 4 |
TOP OF THE 4TH |
Ogallala Octopi batting - Pitching for Quebec City Baby Blues : RHP Shawn Walker
|
Batting: LHB Ju-ho Hwang
|
0-0: Called Strike 0-1: Swinging Strike 0-2: Ball 1-2: Ball 2-2: SINGLE (Groundball, 34S, EV 97.5 MPH)
|
Batting: RHB Jorge Gavilanes
|
0-0: Called Strike 0-1: Fly out, F9 (Flyball, 9LD, EV 100.0 MPH) Runner from 1st tags up, SAFE at 2nd
|
Batting: LHB Shane Burge
|
0-0: Ball 1-0: Foul Ball, location: 2F 1-1: Ground out U3 (Groundball, 13, EV 87.5 MPH) Ju-ho Hwang to third
|
Batting: RHB Efraín Martínez
|
0-0: Foul Ball, location: 2F 0-1: Ball 1-1: Ball 2-1: Ball 3-1: Foul Ball, location: 2F 3-2: Base on Balls
|
Batting: LHB Gustavo Ibáñez
|
0-0: Ball 1-0: Ball 2-0: Ball 3-0: Called Strike 3-1: Base on Balls Efraín Martínez to second
|
Batting: RHB José Uranday
|
0-0: SINGLE (Line Drive, 9S, EV 105.6 MPH) Ju-ho Hwang scores Efraín Martínez to third Gustavo Ibáñez to second Runner from 3rd tries for Home, SAFE, throw by RF to home Gustavo Ibáñez to third José Uranday to second
|
Batting: RHB Zi-xing Juan
|
0-0: Ball 1-0: Called Strike 1-1: Called Strike 1-2: Strikes out swinging
|
Top of the 4th over - 2 runs, 2 hits, 0 errors, 2 left on base; Ogallala 3 - Quebec City 4 |
BOTTOM OF THE 4TH |
Quebec City Baby Blues batting - Pitching for Ogallala Octopi : RHP Dionísio Zagallo
|
Batting: RHB Dong-hua Gan
|
0-0: Fly out, F7 (Line Drive, 7, EV 95.0 MPH)
|
Batting: RHB Ernesto González
|
0-0: Ball 1-0: Ball 2-0: Swinging Strike 2-1: Ball 3-1: SINGLE (Line Drive, 4MD, EV 108.1 MPH)
|
Batting: LHB Hernando Martínez
|
0-0: Called Strike 0-1: Ball 1-1: Foul Ball, location: 2F 1-2: Foul Ball, location: 2F 1-2: Ball 2-2: Fly out, F8 (Line Drive, 8RD, EV 104.4 MPH)
|
Batting: RHB Mibre Chipley
|
0-0: SINGLE (Groundball, 6MD, EV 96.2 MPH) Ernesto González to second
|
Batting: LHB Sasha Mamchenko
|
0-0: Ball 1-0: Called Strike 1-1: Ball 2-1: Called Strike 2-2: Ball 3-2: Foul Ball, location: 2F 3-2: Base on Balls Ernesto González to third Mibre Chipley to second
|
Batting: RHB Darren Overton
|
0-0: Called Strike 0-1: Called Strike 0-2: Ball 1-2: Reached on error, E5 (Groundball, 56S, EV 86.2 MPH) Ernesto González scores Mibre Chipley to third Sasha Mamchenko to second
|
Batting: RHB Iván Vega
|
0-0: Called Strike 0-1: Swinging Strike 0-2: Ball 1-2: Strikes out swinging
|
Bottom of the 4th over - 1 run, 2 hits, 1 error, 3 left on base; Ogallala 3 - Quebec City 5 |
TOP OF THE 5TH |
Ogallala Octopi batting - Pitching for Quebec City Baby Blues : RHP Shawn Walker
|
Batting: LHB Wayne Jackson
|
0-0: Ball 1-0: Ball 2-0: Ball 3-0: Called Strike 3-1: Foul Ball, location: 2F 3-2: Base on Balls
|
Batting: LHB Manuel Ortíz
|
0-0: Called Strike 0-1: Ball 1-1: Ball 2-1: Foul Ball, location: 2F 2-2: Strikes out swinging
|
Batting: LHB Ju-ho Hwang
|
0-0: Ball 1-0: Ball 2-0: Called Strike 2-1: Ball 3-1: Swinging Strike 3-2: Strikes out looking
|
Batting: RHB Jorge Gavilanes
|
0-0: Foul Ball, location: 2F 0-1: Ball 1-1: Ball 2-1: Called Strike 2-2: Fly out, F7 (Flyball, 78M, EV 95.0 MPH)
|
Top of the 5th over - 0 runs, 0 hits, 0 errors, 1 left on base; Ogallala 3 - Quebec City 5 |
BOTTOM OF THE 5TH |
Quebec City Baby Blues batting - Pitching for Ogallala Octopi : RHP Dionísio Zagallo
|
Batting: RHB John Harris
|
0-0: Ball 1-0: Called Strike 1-1: Foul Ball, location: 2F 1-2: Fly out, F8 (Flyball, 89D, EV 94.4 MPH)
|
Batting: RHB Tim Barrett
|
0-0: Ground out U3 (Groundball, 34S, EV 81.9 MPH)
|
Batting: RHB Dong-hua Gan
|
0-0: Reached on error, E6 (Groundball, 6, EV 81.2 MPH)
|
Batting: RHB Ernesto González
|
0-0: Called Strike 0-1: Ball 1-1: Ball Dong-hua Gan is caught stealing 2nd base 2-4
|
Bottom of the 5th over - 0 runs, 0 hits, 1 error, 0 left on base; Ogallala 3 - Quebec City 5 |
TOP OF THE 6TH |
Ogallala Octopi batting - Pitching for Quebec City Baby Blues : RHP Shawn Walker
|
Batting: LHB Shane Burge
|
0-0: Swinging Strike 0-1: Ball 1-1: Called Strike 1-2: Strikes out swinging
|
Pitching: LHP Frank Randolf
|
|
Batting: RHB Efraín Martínez
|
0-0: Swinging Strike 0-1: Swinging Strike 0-2: Ball 1-2: Fly out, F8 (Flyball, 89D, EV 101.2 MPH)
|
Batting: LHB Gustavo Ibáñez
|
0-0: Ball 1-0: Called Strike 1-1: Ball 2-1: Swinging Strike 2-2: Ball 3-2: Strikes out swinging
|
Top of the 6th over - 0 runs, 0 hits, 0 errors, 0 left on base; Ogallala 3 - Quebec City 5 |
BOTTOM OF THE 6TH |
Quebec City Baby Blues batting - Pitching for Ogallala Octopi : RHP Dionísio Zagallo
|
Pitching: RHP Alan Pimlott
|
|
Batting: RHB Ernesto González
|
0-0: Called Strike 0-1: Ball 1-1: Called Strike 1-2: Strikes out swinging
|
Batting: LHB Hernando Martínez
|
0-0: Ball 1-0: Foul Ball, location: 2F 1-1: Called Strike 1-2: Ball 2-2: Ball 3-2: Foul Ball, location: 2F 3-2: Base on Balls
|
Batting: RHB Mibre Chipley
|
0-0: Ball 1-0: Called Strike 1-1: Foul Ball, location: 2F 1-2: Ball 2-2: Ball 3-2: Foul Ball, location: 2F 3-2: Fielders Choice at 2nd, 6-4 (Groundball, 6, EV 83.8 MPH)
|
Batting: LHB Sasha Mamchenko
|
0-0: Ball 1-0: Called Strike 1-1: 2-RUN HOME RUN (Flyball, 9D, EV 97.5 MPH), Distance : 362 ft
|
Batting: RHB Darren Overton
|
0-0: Ball 1-0: Called Strike 1-1: Ball 2-1: Ball 3-1: Foul Ball, location: 2F 3-2: Strikes out swinging
|
Bottom of the 6th over - 2 runs, 1 hit, 0 errors, 0 left on base; Ogallala 3 - Quebec City 7 |
TOP OF THE 7TH |
Ogallala Octopi batting - Pitching for Quebec City Baby Blues : LHP Frank Randolf
|
Batting: RHB José Uranday
|
0-0: Ground out 6-3 (Groundball, 6, EV 85.0 MPH)
|
Batting: RHB Zi-xing Juan
|
0-0: Ball 1-0: Foul Ball, location: 2F 1-1: Ball 2-1: Swinging Strike 2-2: Strikes out swinging
|
Batting: LHB Wayne Jackson
|
0-0: Ball 1-0: Foul Ball, location: 2F 1-1: Ball 2-1: Foul Ball, location: 2F 2-2: Ball 3-2: Base on Balls
|
Batting: LHB Manuel Ortíz
|
0-0: Ball 1-0: Ball 2-0: Called Strike 2-1: Foul Ball, location: 2F 2-2: Fly out, F8 (Line Drive, 8RD, EV 93.1 MPH)
|
Top of the 7th over - 0 runs, 0 hits, 0 errors, 1 left on base; Ogallala 3 - Quebec City 7 |
BOTTOM OF THE 7TH |
Quebec City Baby Blues batting - Pitching for Ogallala Octopi : RHP Alan Pimlott
|
Batting: RHB Iván Vega
|
0-0: Called Strike 0-1: Foul Ball, location: 2F 0-2: SINGLE (Line Drive, 7LM, EV 88.8 MPH)
|
Batting: RHB John Harris
|
0-0: Swinging Strike 0-1: Fielders Choice at 2nd, 5-4 (Groundball, 5, EV 82.5 MPH)
|
Batting: RHB Tim Barrett
|
0-0: Called Strike 0-1: Ball 1-1: Ball 2-1: Foul Ball, location: 2F 2-2: Foul Ball, location: 2F 2-2: Foul Ball, location: 2F 2-2: Ball 3-2: Fly out, F9 (Flyball, 9S, EV 82.5 MPH)
|
Batting: RHB Dong-hua Gan
|
0-0: Ball 1-0: Called Strike 1-1: Foul Ball, location: 2F 1-2: Ball 2-2: Foul Ball, location: 2F 2-2: SINGLE (Groundball, 6M, EV 104.4 MPH) (infield hit) John Harris to second
|
Batting: RHB Ernesto González
|
0-0: SINGLE (Line Drive, 9LS, EV 104.4 MPH) John Harris to third Dong-hua Gan to second
|
Batting: LHB Hernando Martínez
|
0-0: Ball 1-0: Ball 2-0: Called Strike 2-1: Swinging Strike 2-2: Foul Ball, location: 2F 2-2: Foul Ball, location: 2F 2-2: Ball 3-2: Foul Ball, location: 2F 3-2: Foul Ball, location: 2F 3-2: Foul Ball, location: 2F 3-2: SINGLE (Line Drive, 6M, EV 108.8 MPH) John Harris scores Dong-hua Gan to third Ernesto González to second Dong-hua Gan scores Ernesto González to third
|
Pitching: RHP Rafael Medina
|
|
Batting: RHB Mibre Chipley
|
0-0: Called Strike 0-1: Ball 1-1: Called Strike 1-2: Ground out U3 (Groundball, 3L, EV 78.1 MPH)
|
Bottom of the 7th over - 2 runs, 4 hits, 0 errors, 2 left on base; Ogallala 3 - Quebec City 9 |
TOP OF THE 8TH |
Ogallala Octopi batting - Pitching for Quebec City Baby Blues : LHP Frank Randolf
|
Batting: LHB Ju-ho Hwang
|
0-0: Called Strike 0-1: Ball 1-1: Ball 2-1: SINGLE (Line Drive, 6D, EV 110.0 MPH)
|
Batting: RHB Jorge Gavilanes
|
0-0: Called Strike 0-1: Swinging Strike Ju-ho Hwang is caught stealing 2nd base 2-4 0-2: SINGLE (Groundball, 34D, EV 93.8 MPH)
|
Batting: LHB Shane Burge
|
0-0: Grounds into double play, 6-4-3 (Groundball, 6, EV 90.0 MPH)
|
Top of the 8th over - 0 runs, 2 hits, 0 errors, 0 left on base; Ogallala 3 - Quebec City 9 |
BOTTOM OF THE 8TH |
Quebec City Baby Blues batting - Pitching for Ogallala Octopi : RHP Rafael Medina
|
Batting: LHB Sasha Mamchenko
|
0-0: Ball 1-0: Ball 2-0: Ball 3-0: Called Strike 3-1: Base on Balls
|
Batting: RHB Darren Overton
|
0-0: SINGLE (Line Drive, 34, EV 96.2 MPH) Sasha Mamchenko to second
|
Batting: RHB Iván Vega
|
0-0: Ball 1-0: Ball 2-0: Fly out, F8 (Flyball, 8RM, EV 86.9 MPH)
|
Batting: RHB John Harris
|
0-0: Foul Ball, location: 2F 0-1: Foul Ball, location: 2F 0-2: Ball Passed Ball! Sasha Mamchenko to third Darren Overton to second 1-2: Ball 2-2: Ball 3-2: Strikes out swinging
|
Batting: RHB Tim Barrett
|
0-0: Ball 1-0: Called Strike 1-1: Fly out, F7 (Flyball, 7S, EV 88.8 MPH)
|
Bottom of the 8th over - 0 runs, 1 hit, 0 errors, 2 left on base; Ogallala 3 - Quebec City 9 |
TOP OF THE 9TH |
Ogallala Octopi batting - Pitching for Quebec City Baby Blues : LHP Frank Randolf
|
Batting: RHB Efraín Martínez
|
0-0: Ball 1-0: SOLO HOME RUN (Flyball, 7D, EV 97.5 MPH), Distance : 366 ft
|
Pinch Hitting: RHB Dwayne Gunn
|
0-0: Called Strike 0-1: Swinging Strike 0-2: Foul Ball, location: 2F 0-2: Ground out 4-3 (Groundball, 4, EV 111.9 MPH)
|
Batting: RHB José Uranday
|
0-0: Ball 1-0: Swinging Strike 1-1: Called Strike 1-2: Ball 2-2: Strikes out looking
|
Batting: RHB Zi-xing Juan
|
0-0: SINGLE (Groundball, 56D, EV 114.4 MPH)
|
Batting: LHB Wayne Jackson
|
0-0: Ball 1-0: Foul Ball, location: 2F 1-1: Foul Ball, location: 2F 1-2: Ball 2-2: Ball 3-2: Fly out, F9 (Flyball, 89XD, EV 91.2 MPH)
|
Top of the 9th over - 1 run, 2 hits, 0 errors, 1 left on base; Ogallala 4 - Quebec City 9 |
|